 Dungeon Crawl Stone Soup version 0.24-a0-275-g6f7e2cb (webtiles) character file.

Game seed: 127228295051822100

93 nikopol the Firebug (level 4, -6/24 HPs)
             Began as a Deep Elf Fire Elementalist on Apr 28, 2019.
             Killed from afar by an orc wizard (9 damage)
             ... with a magic dart
             ... on level 3 of the Dungeon.
             The game lasted 00:04:12 (1582 turns).

nikopol the Firebug (Deep Elf Fire Elementalist)    Turns: 1582, Time: 00:04:13

Health: -6/24      AC:  2    Str:  9    XL:     4   Next: 36%
Magic:  4/12       EV: 13    Int: 21    God:
Gold:   155        SH:  0    Dex: 15    Spells: 5/11 levels left

rFire    . . .     SeeInvis .   (no weapon)
rCold    . . .     Gourm    .   (no shield)
rNeg     . . .     Faith    .   a - +0 robe
rPois    .         Spirit   .   (no helmet)
rElec    .         Reflect  .   (no cloak)
rCorr    .         Harm     .   (no gloves)
MR       .....                  (no boots)
Stlth    ++........             (no amulet)
HPRegen  0.08/turn              i - +4 ring of strength
MPRegen  0.13/turn              (no ring)

@: no status effects
A: no striking features
a: no special abilities


You were on level 3 of the Dungeon.
You were not hungry.

You visited 1 branch of the dungeon, and saw 3 of its levels.

You collected 155 gold pieces.

Inventory:

Armour
 a - a +0 robe (worn)
Jewellery
 i - a +4 ring of strength (left hand)
Scrolls
 b - 5 scrolls of identify {unknown}
 e - 2 scrolls of amnesia {unknown}
 g - a scroll of teleportation {unknown}
 j - 3 scrolls of magic mapping {unknown}
 k - 3 scrolls of enchant weapon {unknown}
 n - a scroll of remove curse {unknown}
Potions
 d - a potion of magic {unknown}
 f - a potion of mutation {unknown}
 h - a potion of agility {unknown}
 l - a potion of degeneration {unknown}
 m - a potion of haste {unknown}
 o - a potion of resistance {unknown}
Comestibles
 c - 7 rations
 p - a chunk of flesh


   Skills:
 + Level 2.7 Dodging
 + Level 2.9 Stealth
 + Level 4.2 Spellcasting
 + Level 1.9 Conjurations
 + Level 4.5 Fire Magic


You had 5 spell levels left.
You knew the following spells:

 Your Spells              Type           Power        Failure   Level  Hunger
a - Flame Tongue          Conj/Fire      ###..        3%          1    None
b - Throw Flame           Conj/Fire      ###...       4%          2    #......
c - Conjure Flame         Conj/Fire      ###.....     10%         3    ###....

Your spell library contained the following spells:

 Spells                   Type           Power        Failure   Level  Hunger
 Inner Flame              Hex/Fire       ##......     14%         3    ###....
 Sticky Flame             Conj/Fire      ###.....     30%         4    ####...
 Fireball                 Conj/Fire      ###.......   65%         5    ######.


Dungeon Overview and Level Annotations

Branches:
Dungeon (3/15)

Altars:
Ashenzari
Cheibriados
Ru
Wu Jian


Message History

The flame tongue misses the orc priest.
The flame tongue hits the orc wizard.
The orc wizard is lightly wounded.
The orc priest calls upon Beogh to heal the orc wizard.
The orc wizard's wounds heal themselves!
Casting: Flame Tongue (safe; 3% risk of failure)
Confirm with . or Enter, or press ? or * to list all spells.
Aiming: Flame Tongue (safe; 3% risk of failure)
Press: ? - help, Shift-Dir - straight line, f/p - orc priest
Aim: an orc priest, wielding a +0 whip and wearing a +0 scale mail (almost dead)
The flame tongue hits the orc priest.
You kill the orc priest!
Your Spellcasting skill increases to level 4!
You have reached level 4!
You feel clever.
An orc comes into view. It is wielding a +0 short sword.
The orc wizard mumbles some strange words.
The orc wizard seems to speed up.
The orc wizard gestures at you while chanting.
The magic dart hits you!
You die...

.....### .<...#
##.### .....#
##.#.#############
#.#.............#
#.#############.#
#......... #.#
########## #@# #)#
#o# #o# #o# o..
... .o#


You could see an orc priest, 2 orc wizards and 2 orcs.

Vanquished Creatures
  An orc priest (D:3)
  An ooze (D:2)
  A worm (D:2)
  3 dart slugs (D:1)
  4 leopard geckos
  A ball python (D:1)
  7 hobgoblins
  3 jackals (D:2)
  A quokka (D:3)
  5 bats
  5 frilled lizards
  6 goblins
  A kobold (D:1)
  8 rats
47 creatures vanquished.

Notes
Turn   | Place    | Note
-------+----------+-------------------------------------------
     0 | D:1      | nikopol the Deep Elf Fire Elementalist began the quest for
                  | the Orb.
     0 | D:1      | Reached XP level 1. HP: 10/10 MP: 6/6
   176 | D:1      | Found a snail-covered altar of Cheibriados.
   178 | D:1      | Reached XP level 2. HP: 15/15 MP: 5/8
   726 | D:1      | Reached XP level 3. HP: 19/19 MP: 5/10
   730 | D:1      | Learned a level 2 spell: Throw Flame
   734 | D:1      | Learned a level 3 spell: Conjure Flame
  1091 | D:2      | Found a sacrificial altar of Ru.
  1094 | D:2      | Found an ornate altar of the Wu Jian Council.
  1097 | D:2      | Found a shattered altar of Ashenzari.
  1582 | D:3      | Reached XP level 4. HP: 3/24 MP: 4/12
  1582 | D:3      | Killed from afar by an orc wizard

Levels and vault maps discovered:
D:1:      dpeg_arrival_oval, layout_basic, kennysheep_small_spiral,
          minmay_misc_feat_iff, serial_park_tiny_1, cheibriados_altar_1
D:2:      layout_basic, grunt_temple_overflow_diamond, st_stairs_6,
          minmay_misc_feat_hallway
D:3:      layout_loops_ring, nicolae_overflow_crystal_walls, first_ration

Skill      XL: |  1  2  3 |
---------------+----------+-----
Fire Magic     | 4 |  4.5
Spellcasting   | 4 |  4.2
Dodging        | |  2.7
Stealth        | |  2.9
Conjurations   | |  1.9

Action                   |  1- 3 |  4- 6 || total
-------------------------+-------+-------++-------
Melee: Unarmed           |     1 |       ||     1
 Cast: Flame Tongue      |    74 |     1 ||    75
  Eat: Chunk             |     2 |       ||     2
Armor: Robe              |     4 |       ||     4
Dodge: Dodged            |    11 |       ||    11

Table legend:
 A = Non-vault XP
 B = Vault XP
 C = Vault XP percentage of total XP
 D = Non-vault monster count
 E = Vault monster count
 F = Vault count percentage of total count
                 A         B        C        D         E       F
            +---------+---------+-------+---------+---------+-------
      Total |     132 |       1 |   0.8 |      46 |       1 |   2.1
            +---------+---------+-------+---------+---------+-------
        D:1 |      42 |       0 |   0.0 |      24 |       0 |   0.0
        D:2 |      43 |       1 |   2.3 |      18 |       1 |   5.3
        D:3 |      47 |       0 |   0.0 |       4 |       0 |   0.0
            +---------+---------+-------+---------+---------+-------
